 Dungeon Crawl Stone Soup version 0.30-a0-12-gd8047c6341 (webtiles) character file.

Game seed: 13888814937340834929

4 Sobieck the Shooter (level 1, -1/11 HPs)
             Began as a Vine Stalker Hunter on Aug 23, 2022.
             Slain by a hobgoblin (2 damage)
             ... on level 1 of the Dungeon.
             The game lasted 00:00:24 (140 turns).

Sobieck the Shooter (Vine Stalker Hunter)            Turns: 140, Time: 00:00:24

Health: -1/11      AC:  3    Str: 13    XL:     1   Next: 60%
Magic:  0/2        EV: 11    Int:  9    God:
Gold:   0          SH:  0    Dex: 17    Spells: 0/0 levels left

rFire   . . .      SeeInvis .    a - +0 shortbow {bow}
rCold   . . .      Faith    .    (shield currently unavailable)
rNeg    . . .      Spirit   +    c - +0 leather armour
rPois   .          Reflect  .    (no helmet)
rElec   .          Harm     .    (no cloak)
rCorr   .          Rampage  .    (no gloves)
Will    .....                    (no boots)
Stlth   ++........               (no amulet)
HPRegen 0.03/turn                (no ring)
MPRegen 0.08/turn                (no ring)

@: no status effects
A: fangs 2, magic shield, antimagic bite, no potion heal 2
a: no special abilities


You were on level 1 of the Dungeon.
You visited 1 branch of the dungeon, and saw 1 of its levels.


Innate Abilities, Weirdness & Mutations

You have extremely sharp teeth.
When hurt, damage is shared between your health and your magic reserves.
Your bite disrupts and absorbs the magic of your enemies.
Potions cannot restore your health.


   Skills:
 - Level 1.7 Fighting
 + Level 3.8 Ranged Weapons
 - Level 1.5 Dodging
 - Level 1.2 Stealth


You couldn't memorise any spells.
You didn't know any spells.
Your spell library was empty.

Inventory:

Hand Weapons
 a - a +0 shortbow (weapon) {bow}
Missiles
 d - 9 stones {throwing}
 f - 2 boomerangs of dispersal {=f!fthrowing}
Armour
 c - a +0 leather armour (worn)
Scrolls
 b - a scroll of immolation {!r!r}
 g - a scroll of fog {unknown}
Potions
 e - a potion of might {unknown}

Dungeon Overview and Level Annotations

Branches:
Dungeon (1/15) Zot: 5853

Altars:

.. #.... #S#...
#....#+#
...######...#
.........#..#
..######.##.# ##
#.##.## #. #g##..###
#. #@##..#.. #.
#b##..#.# #.
#.###.#.# #.
#.....#.# #)#####.
.#####...###.......
#..........########.
########....#### #.
#.....).####.
#...###......


You could see a hobgoblin and a bat.


Message History

You shoot an arrow. The arrow hits the goblin!
You kill the goblin!
No target in view!
No target in view!
A frilled lizard and a kobold come into view.
Danger!
You shoot an arrow. The arrow hits the kobold.
The kobold shouts!
The frilled lizard hisses angrily.
You hear a shout! x2
The kobold closely misses you.
A ball python comes into view.
The kobold hits you with a +0 whip.
You are too injured to fight recklessly!
You are too injured to fight recklessly!
Unknown command.
The kobold throws a stone.
The stone barely misses you.
Fire: a) +0 shortbow {bow}
Press: ? - help, Q - select action, (/) - cycle Shift-Dir - straight line, f/p - kobold
Aim: a kobold, wielding a +0 whip and quivering stones (heavily wounded, 53% to hit)
You shoot an arrow.
The arrow hits the kobold but does no damage.
The kobold throws a stone.
The stone barely misses you.
Fire: a) +0 shortbow {bow}
Press: ? - help, Q - select action, (/) - cycle Shift-Dir - straight line, f/p - kobold
Aim: a kobold, wielding a +0 whip and quivering stones (moderately wounded, 53% to hit)
You shoot an arrow. The arrow closely misses the kobold.
A hobgoblin comes into view.
Fire: a) +0 shortbow {bow}
Press: ? - help, Q - select action, (/) - cycle Shift-Dir - straight line, f/p - kobold
Aim: a kobold, wielding a +0 whip and quivering stones (moderately wounded, 53% to hit)
You shoot an arrow. The arrow hits the kobold!
You kill the kobold!
Fire: a) +0 shortbow {bow}
Press: ? - help, Q - select action, (/) - cycle Shift-Dir - straight line, f - frilled lizard
Aim: a frilled lizard (42% to hit)
You shoot an arrow. The arrow misses the frilled lizard.
The frilled lizard bites you but does no damage.
Fire: a) +0 shortbow {bow}
Press: ? - help, Q - select action, (/) - cycle Shift-Dir - straight line, f/p - frilled lizard
Aim: a frilled lizard (42% to hit)
You shoot an arrow.
The arrow barely misses the frilled lizard.
The frilled lizard bites you.
Fire: a) +0 shortbow {bow}
Press: ? - help, Q - select action, (/) - cycle Shift-Dir - straight line, f/p - frilled lizard
Aim: a frilled lizard (42% to hit)
You shoot an arrow. The arrow hits the frilled lizard!
You kill the frilled lizard!
The ball python completely misses you. The ball python closely misses you.
Fire: a) +0 shortbow {bow}
Press: ? - help, Q - select action, (/) - cycle Shift-Dir - straight line, f - ball python
Aim: a ball python (57% to hit)
You shoot an arrow.
The arrow barely misses the ball python.
The ball python barely misses you. The ball python grabs you.
The ball python constricts you.
The ball python bites you but does no damage.
The ball python constricts you.
Fire: a) +0 shortbow {bow}
Press: ? - help, Q - select action, (/) - cycle Shift-Dir - straight line, f/p - ball python
Aim: a ball python (constricting you, 57% to hit)
You shoot an arrow.
The arrow barely misses the ball python.
The ball python bites you.
* * * LOW HITPOINT WARNING * * *
The ball python constricts you.
Fire: a) +0 shortbow {bow}
Press: ? - help, Q - select action, (/) - cycle Shift-Dir - straight line, f/p - ball python
Aim: a ball python (constricting you, 57% to hit)
You shoot an arrow. The arrow hits the ball python.
You kill the ball python!
A bat comes into view.
Fire: a) +0 shortbow {bow}
Press: ? - help, Q - select action, (/) - cycle Shift-Dir - straight line, f - hobgoblin
Aim: a hobgoblin (60% to hit)
You shoot an arrow. The arrow barely misses the hobgoblin.
The bat hits you but does no damage. The hobgoblin hits you.
* * * LOW HITPOINT WARNING * * *
Fire: a) +0 shortbow {bow}
Press: ? - help, Q - select action, (/) - cycle Shift-Dir - straight line, f/p - hobgoblin
Aim: a hobgoblin (60% to hit)
You shoot an arrow.
The arrow completely misses the hobgoblin.
The bat hits you but does no damage. x2; The hobgoblin misses you.
The hobgoblin closely misses you.
Fire: a) +0 shortbow {bow}
Press: ? - help, Q - select action, (/) - cycle Shift-Dir - straight line, f/p - hobgoblin
Aim: a hobgoblin (60% to hit)
You shoot an arrow.
The arrow hits the hobgoblin but does no damage.
The bat closely misses you. The bat hits you but does no damage.
The hobgoblin hits you.
* * * LOW HITPOINT WARNING * * *
Fire: a) +0 shortbow {bow}
Press: ? - help, Q - select action, (/) - cycle Shift-Dir - straight line, f/p - hobgoblin
Aim: a hobgoblin (60% to hit)
You shoot an arrow. The arrow closely misses the hobgoblin.
The bat hits you but does no damage. The bat closely misses you.
The hobgoblin hits you.
You die...

Action                   || total
-------------------------++-------
 Fire: Shortbow          ||    16
Armor: Leather armour    ||     7
Dodge: Dodged            ||    10

Levels and vault maps discovered:
D:1:      matt_arrival_refuge, layout_basic

Notes
Turn   | Place    | Note
-------+----------+-------------------------------------------
     0 | D:1      | Sobieck the Vine Stalker Hunter began the quest for the
                  | Orb.
     0 | D:1      | Reached XP level 1. HP: 11/11 MP: 2/2
   137 | D:1      | HP: 2/11 [hobgoblin (2)]
   140 | D:1      | Slain by a hobgoblin

Vanquished Creatures
  A goblin (D:1)
  A kobold (D:1)
  A ball python (D:1)
  A frilled lizard (D:1)
4 creatures vanquished.

Table legend:
 A = Non-vault XP
 B = Vault XP
 C = Vault XP percentage of total XP
 D = Non-vault monster count
 E = Vault monster count
 F = Vault count percentage of total count
                 A         B        C        D         E       F
            +---------+---------+-------+---------+---------+-------
      Total |       6 |       0 |   0.0 |       4 |       0 |   0.0
            +---------+---------+-------+---------+---------+-------
        D:1 |       6 |       0 |   0.0 |       4 |       0 |   0.0
            +---------+---------+-------+---------+---------+-------

Illustrated notes

Table legend:
 A = Kills in this place as a percentage of kills in entire the game.
 B = Kills by you in this place as a percentage of kills by you in the entire game.
 C = Kills by friends in this place as a percentage of kills by friends in the entire game.
 D = Other kills in this place as a percentage of other kills in the entire game.
 E = Experience gained in this place as a percentage of experience gained in the entire game.
 F = Experience gained in this place divided by the number of levels of this place that you have seen.
                   A       B       C       D       E      F
               +-------+-------+-------+-------+-------+----------------------
         Total | 100.0 | 100.0 |   N/A |   N/A | 100.0 |   6.0
       Dungeon | 100.0 | 100.0 |   N/A |   N/A | 100.0 |   6.0
               +-------+-------+-------+-------+-------+----------------------

Table legend: (Time is in decaauts)
 A = Elapsed time spent in this place.
 B = Non-inter-level travel time spent in this place.
 C = Inter-level travel time spent in this place.
 D = Time resting spent in this place.
 E = Time spent auto-exploring this place.
 F = Levels seen in this place.
 G = Mean time per level.
                   A        B        C        D        E       F      G
               +--------+--------+--------+--------+--------+-----+--------+
         Total |    145 |    145 |      0 |      0 |    114 |   1 |  145.0 |
       Dungeon |    145 |    145 |      0 |      0 |    114 |   1 |  145.0 |
               +--------+--------+--------+--------+--------+-----+--------+

Top non-repeatable levels by time:
     D:1: 145 daAuts
